 Dungeon Crawl Stone Soup version 0.17.1-3-g152610e (webtiles) character file.

6 Nekros the Grave Robber (level 1, 0/13 HPs)
             Began as a Vampire Necromancer on Apr 22, 2016.
             Succumbed to an adder's poison
             ... on level 1 of the Dungeon.
             The game lasted 00:10:30 (644 turns).

Nekros the Grave Robber (Vampire Necromancer)        Turns: 644, Time: 00:10:30

Health: 0/13       AC:  2    Str:  7    XL:     1   Next: 75%
Magic:  1/4        EV: 13    Int: 17    God:
Gold:   83         SH:  0    Dex: 16    Spells: 2 memorised, 3 levels left

rFire  . . .     SeeInvis +     g - +0 spear
rCold  . . .     Clarity  .     a - +0 robe
rNeg   + . .     SustAt   .     (no shield)
rPois  .         Gourm    .     (helmet restricted)
rElec  .         Spirit   .     (no cloak)
rCorr  .         Warding  .     (no gloves)
rMut   .         Stasis   .     (no boots)
MR     .....                    (no amulet)
Stlth  ++++......               (no ring)
                                e - +2 ring of dexterity

@: lethally poisoned (0 -> -9), not resistant to hostile enchantments, stealthy
A: antennae 1, fangs 3, camouflage 1, see invisible, unbreathing, evolution 1
a: no special abilities


You were on level 1 of the Dungeon.
You were not thirsty.

You visited 1 branch of the dungeon, and saw 2 of its levels.

You collected 83 gold pieces.

Inventory:

Hand Weapons
 g - a +0 spear (weapon)
Armour
 a - a +0 robe (worn)
Jewellery
 e - a +2 ring of dexterity (left hand)
Scrolls
 d - a scroll of enchant armour {unknown}
 h - a scroll of remove curse
Potions
 c - 3 potions of blood
Books
 b - a book of Necromancy

   Spells                             Type                      Level
   a - Pain                           Necromancy                   1
   b - Animate Skeleton               Necromancy                   1
   c - Vampiric Draining              Necromancy                   3
   d - Regeneration                   Charms/Necromancy            3
   e - Animate Dead                   Necromancy                   4
   f - Control Undead                 Necromancy                   4


   Skills:
 - Level 2.1 Dodging
 - Level 3.0 Stealth
 * Level 2.5 Spellcasting
 - Level 4.3 Necromancy


You had 3 spell levels left.
You knew the following spells:

 Your Spells              Type           Power        Failure   Level  Hunger
a - Pain                  Necr           ###.         2%          1    #......
b - Animate Skeleton      Necr           N/A          2%          1    #......


Dungeon Overview and Level Annotations

Branches:
Dungeon (2/15)

Altars:


Innate Abilities, Weirdness & Mutations

You have razor-sharp teeth.
You have supernaturally acute eyesight.
You can survive without breathing.
You have a pair of small antennae on your head.
Your skin changes colour to match your surroundings (Stealth).
You evolve.


Message History

The adder bites you.
You are lethally poisoned!
The adder poisons you! The adder bites you.
You are more poisoned.
The adder poisons you!
Drink which item? (? for menu, Esc to quit)
Yummy - fresh blood!
* * * LOW HITPOINT WARNING * * *
You feel sick. The adder barely misses you.
Drink which item? (? for menu, Esc to quit)
It was a potion of mutation.
You feel extremely strange. A pair of antennae grows on your head!
Your skin functions as natural camouflage.
You feel nature experimenting on you.
Don't worry, failures die fast.
* * * LOW HITPOINT WARNING * * *
You feel sick. The adder bites you.
* * * LOW HITPOINT WARNING * * *
Drink which item? (? for menu, Esc to quit)
Yummy - fresh blood!
You die...

#...######.##..# #(## #.#.. #...#
#.###.##### #.####.### #.###
#..##.....# #.##...... #.#
#..######.#####.##.##### #.#
###..######...#...##.#....
#.######....................#.##.
.............)>...###.###...#.#..
#)######..........###.#####.#.###
#.# #........@.......#####....
..### #........S.###.#.....#####
....####..........##..########...
.##....##.#########..## ####
.#####.#..# ####.# # .# #...##
###....# # .# #..##
#.....############## ## #..#
#................)..
##..########.############....


You could see an adder.

Vanquished Creatures
  A goblin (D:1)
  2 kobolds (D:1)
  4 rats (D:1)
7 creatures vanquished.

Notes
Turn   | Place    | Note
--------------------------------------------------------------
     0 | D:1      | Nekros the Vampire Necromancer began the quest for the Orb.
     0 | D:1      | Reached XP level 1. HP: 13/13 MP: 3/3
     2 | D:1      | Learned a level 1 spell: Animate Skeleton
   643 | D:1      | Gained mutation: You have a pair of small antennae on your head. [potion of mutation]
   643 | D:1      | Gained mutation: Your skin changes colour to match your surroundings (Stealth). [potion of mutation]
   643 | D:1      | Gained mutation: You evolve. [potion of mutation]
   644 | D:1      | Succumbed to an adder's poison

Action                   || total
-------------------------++-------
Melee: Spear             ||     1
 Cast: Pain              ||    11
       Animate Skeleton  ||     3
  Use: Scroll            ||     4
       Potion            ||     4
